 Dungeon Crawl Stone Soup version 0.27-a0-607-g1ad3dbde53 (webtiles) character file.

Game seed: 16748410370631326441

1645 Gaff the Grappler (level 8, -7/79 HPs)
             Began as a Troll Warper on Mar 13, 2021.
             Was an Initiate of Cheibriados.
             Mangled by a killer bee (9 damage)
             ... on level 7 of the Dungeon.
             The game lasted 00:12:21 (4495 turns).

Gaff the Grappler (Troll Warper)                    Turns: 4495, Time: 00:12:21

Health: -7/79      AC:  5    Str: 23    XL:     8   Next: 67%
Magic:  0/8        EV: 11    Int: 10    God:    Cheibriados [......]
Gold:   339        SH:  0    Dex: 16    Spells: 7/9 levels left

rFire    . . .     SeeInvis .     - Unarmed
rCold    . . .     Faith    .   (no shield)
rNeg     . . .     Spirit   +   a - +0 robe
rPois    +         Reflect  .   (helmet restricted)
rElec    .         Harm     .   k - +0 cloak
rCorr    .         Rampage  .   (gloves unavailable)
Will     .....                  (boots unavailable)
Stlth    +.........             q - amulet of guardian spirit
HPRegen  1.23/turn              i - +6 ring of dexterity
MPRegen  0.11/turn              B - ring of poison resistance

@: very slow
A: large, unfitting armour, claws 3, regeneration 1, shaggy fur 1, tough skin 1
a: Renounce Religion, Bend Time


You were on level 7 of the Dungeon.
You worshipped Cheibriados.
Cheibriados was noncommittal.
You visited 2 branches of the dungeon, and saw 8 of its levels.

You collected 419 gold pieces.
You spent 80 gold pieces at shops.

Inventory:

Hand Weapons
 D - a +1 dagger of venom
 F - a +1 dire flail of holy wrath
Missiles
 d - 5 boomerangs of dispersal (quivered)
 g - 17 poisoned darts
 o - 8 datura-tipped darts
 r - 4 boomerangs
Armour
 a - a +0 robe (worn)
 k - a +0 cloak (worn)
 n - a +0 kite shield
Jewellery
 i - a +6 ring of dexterity (right claw)
 q - an amulet of guardian spirit (around neck)
 x - a ring of resist corrosion
 B - a ring of poison resistance (left claw)
Wands
 h - a wand of iceblast (7)
 w - a wand of digging (3)
 G - a wand of random effects (24)
Scrolls
 b - 2 scrolls of magic mapping {unknown}
 c - 2 scrolls of blinking
 e - 2 scrolls of teleportation {unknown}
 f - a scroll of fear {unknown}
 p - 3 scrolls of enchant armour {unknown}
 t - 2 scrolls of amnesia
 y - a scroll of fog {unknown}
 C - 2 scrolls of identify
Potions
 l - 2 potions of degeneration
 m - 2 potions of haste
 s - a potion of lignification {unknown}
 u - a potion of heal wounds
 v - a potion of brilliance {unknown}
 z - a potion of invisibility
 A - a potion of flight {unknown}
 E - a potion of mutation


   Skills:
 + Level 4.4 Fighting
 - Level 0.8 Throwing
 + Level 4.5 Dodging
 + Level 8.7 Unarmed Combat
 - Level 1.2 Spellcasting
 - Level 2.1 Translocations


You had 7 spell levels left.
You knew the following spells:

 Your Spells              Type           Power      Damage    Failure   Level
a - Blink                 Tloc           N/A        N/A       21%         2

Your spell library contained the following spells:

 Spells                   Type           Power      Damage    Failure   Level
 Gell's Gravitas          Tloc           2%         N/A       38%         3
 Lesser Beckoning         Tloc           2%         N/A       38%         3
 Teleport Other           Tloc           5%         N/A       38%         3
 Manifold Assault         Tloc           5%         N/A       80%         4


Dungeon Overview and Level Annotations

Branches:
Dungeon (7/15)             Temple (1/1) D:7

Altars:
Ashenzari
Cheibriados
Dithmenos
Elyvilon
Fedhas
Gozag
Hepliaklqana
Kikubaaqudgha
Makhleb
Qazlal
Ru
Sif Muna
Trog
Vehumet
Wu Jian
Xom
Yredelemnul
Zin
The Shining One

Shops:
D:5 (!:   D:6 *


Innate Abilities, Weirdness & Mutations

You are too large for most types of armour.
You have claws for hands.
Your natural rate of healing is unusually fast.
You are covered in fur. (AC +1)
You have tough skin. (AC +1)


Message History

The killer bee barely misses you.
The killer bee stings you but does no damage.
It was a potion of heal wounds.
You feel much better.
You feel sick.
The killer bee stings you but does no damage.
The killer bee misses you.
The killer bee stings you but does no damage. x2
You scratch the killer bee but do no damage.
The killer bee is severely wounded.
You feel sick. The killer bee stings you!
* * * LOW HITPOINT WARNING * * *
The killer bee misses you.
The killer bee stings you but does no damage.
You scratch the killer bee but do no damage.
The killer bee is severely wounded.
You feel sick.
The killer bee stings you but does no damage. x2
The killer bee stings you.
* * * LOW HITPOINT WARNING * * *
You are more poisoned.
The killer bee poisons you!
The killer bee stings you but does no damage.
You closely miss the killer bee. Your claw misses the killer bee.
The killer bee is severely wounded.
You feel sick. The killer bee stings you.
* * * LOW HITPOINT WARNING * * *
You are more poisoned.
The killer bee poisons you! The killer bee stings you!
* * * LOW HITPOINT WARNING * * *
The killer bee barely misses you.
You scratch the killer bee.
The killer bee is almost dead.
You feel sick. The killer bee barely misses you. The killer bee stings you.
* * * LOW HITPOINT WARNING * * *
The killer bee barely misses you.
It was a potion of curing.
You feel better. The killer bee stings you!
* * * LOW HITPOINT WARNING * * *
The killer bee misses you. The killer bee stings you!
* * * LOW HITPOINT WARNING * * *
The killer bee stings you!
You die...

...##..!.....#
.............#
... #........#
...######..#####
#............##
##............##
#..............#
#.............>#
#......รท.....y@#
#.....<..)...y.#
#..........>..>#
##....[.......##
##.......(..##
############


You could see 2 killer bees.

Vanquished Creatures
  An orc warrior (D:5)
  6 ogres
  2 phantoms (D:5)
  Blork the orc (D:6)
  A bullfrog (D:6)
  A killer bee (D:7)
  A jelly (D:6)
  An iguana (D:6)
  2 orc priests
  A hound (D:6)
  A centaur skeleton (D:4)
  4 orc wizards (D:4)
  7 worker ants
  8 gnolls
  8 adders
  A white imp (D:5)
  An ufetubus (D:6)
  An ooze (D:1)
  An adder skeleton (D:3)
  2 leopard geckos
  28 orcs
  7 giant cockroaches
  4 goblins
  6 hobgoblins
  7 jackals
  A quokka (D:3)
  7 bats (D:1)
  4 frilled lizards
  4 kobolds
  13 rats
132 creatures vanquished.

Notes
Turn   | Place    | Note
-------+----------+-------------------------------------------
     0 | D:1      | Gaff the Troll Warper began the quest for the Orb.
     0 | D:1      | Reached XP level 1. HP: 19/19 MP: 1/1
   139 | D:1      | Reached XP level 2. HP: 27/27 MP: 2/2
   220 | D:1      | Reached skill level 3 in Unarmed Combat
   588 | D:1      | Reached XP level 3. HP: 29/33 MP: 3/3
   701 | D:2      | Found a shimmering altar of Xom.
   936 | D:2      | Reached skill level 4 in Unarmed Combat
   968 | D:2      | Reached XP level 4. HP: 41/41 MP: 4/4
  1137 | D:3      | Found a radiant altar of Vehumet.
  1260 | D:3      | Learned a level 2 spell: Blink
  1499 | D:3      | Reached skill level 5 in Unarmed Combat
  1626 | D:3      | Reached XP level 5. HP: 48/48 MP: 5/5
  1912 | D:4      | Reached skill level 6 in Unarmed Combat
  1924 | D:4      | Noticed an ogre
  1954 | D:3      | Killed an ogre
  1955 | D:3      | Reached XP level 6. HP: 34/55 MP: 2/6
  2146 | D:4      | Reached skill level 7 in Unarmed Combat
  2381 | D:4      | Reached XP level 7. HP: 63/65 MP: 5/7
  2573 | D:5      | Entered Level 5 of the Dungeon
  2655 | D:5      | Found Vozaxy's Antique Weapon Emporium.
  2700 | D:5      | Found Juitam's Distillery.
  2708 | D:5      | Bought a potion of mutation for 80 gold pieces
  3082 | D:5      | Found Olyamo's Book Emporium.
  3436 | D:5      | Reached XP level 8. HP: 75/75 MP: 5/8
  3442 | D:5      | Reached skill level 8 in Unarmed Combat
  3551 | D:6      | Noticed Blork the orc
  3568 | D:6      | Killed Blork the orc
  3784 | D:6      | Found an ancient bone altar of Kikubaaqudgha.
  3786 | D:6      | Found Efuh's Profane Products.
  4117 | D:7      | Found a staircase to the Ecumenical Temple.
  4140 | Temple   | Entered the Ecumenical Temple
  4416 | Temple   | Became a worshipper of Cheibriados the Contemplative
  4495 | D:7      | HP: 2/79 [killer bee (9)]
  4495 | D:7      | Mangled by a killer bee

Illustrated notes

Levels and vault maps discovered:
D:1:      dpeg_arrival_subterranean_lakeside_camping, layout_basic
D:2:      layout_basic, xom_teletrap_fun
D:3:      layout_loops_cross, nicolae_vehumet_altar_sigil
D:4:      layout_rooms
D:5:      layout_loops_ring, serial_shops, shop, shop_fountains, shop
D:6:      layout_gridville, nicolae_evil_shop, uniq_blork_the_orc
D:7:      layout_rooms, minmay_temple_entry_proselytizer, uniq_prince_ribbit1
Temple:   dpeg_five_rooms_temple

Skill      XL: |  1  2  3  4  5  6  7  8 |
---------------+-------------------------+-----
Unarmed Combat | 3 4 5 6 7 8 |  8.7
Fighting       | 2 3 4 |  4.4
Dodging        | 2 3 4 |  4.5
Throwing       | |  0.8
Spellcasting   | |  1.2
Translocations | |  2.1

Action                   |  1- 3 |  4- 6 |  7- 9 || total
-------------------------+-------+-------+-------++-------
Melee: Unarmed           |    80 |   125 |   151 ||   356
       Punch             |     2 |     2 |     3 ||     7
 Cast: Blink             |       |       |     1 ||     1
  Use: Scroll            |       |     3 |     1 ||     4
       Potion            |       |       |     2 ||     2
 Stab: Sleeping          |       |     3 |     1 ||     4
Armor: Robe              |    38 |    20 |    49 ||   107
Dodge: Dodged            |    43 |    45 |   114 ||   202

Table legend: (Time is in decaauts)
 A = Elapsed time spent in this place.
 B = Non-inter-level travel time spent in this place.
 C = Inter-level travel time spent in this place.
 D = Time resting spent in this place.
 E = Time spent auto-exploring this place.
 F = Levels seen in this place.
 G = Mean time per level.
                   A        B        C        D        E       F      G
               +--------+--------+--------+--------+--------+-----+--------+
         Total |   4479 |   4222 |    257 |    164 |   2919 |   8 |  559.9 |
       Dungeon |   4158 |   4002 |    156 |    164 |   2701 |   7 |  594.0 |
        Temple |    321 |    221 |    100 |      0 |    218 |   1 |  321.0 |
               +--------+--------+--------+--------+--------+-----+--------+

Top non-repeatable levels by time:
     D:5: 794 daAuts
     D:3: 782 daAuts
     D:6: 736 daAuts
     D:4: 689 daAuts
     D:1: 619 daAuts
     D:2: 466 daAuts
  Temple: 321 daAuts
     D:7: 70 daAuts
